 Dungeon Crawl Stone Soup version 0.31-a0-700-gf13585253f (webtiles) character file.

Game seed: 11958898138060228506

93947 qw the Marksgargoyle (level 16, -9/106 HPs)
             Began as a Gargoyle Hunter on Sept 7, 2023.
             Was a Priest of Okawaru.
             Mangled by a bone dragon (10 damage)
             ... on level 2 of the Abyss.
             The game lasted 00:10:19 (18770 turns).

qw the Marksgargoyle (Gargoyle Hunter)             Turns: 18770, Time: 00:10:19

Health: -9/106     AC: 31    Str: 26    XL:     16   Next: 10%
Magic:  23/23      EV: 25    Int: 16    God:    Okawaru [***...]
Gold:   1413       SH:  0    Dex: 28    Spells: 15/15 levels left

rFire   + . .        n - +4 longbow (drain)
rCold   . . .        (shield currently unavailable)
rNeg    + . .        o - +2 ring mail {rF+}
rPois   inf          y - +2 hat
rElec   +            m - +1 cloak
rCorr   +            r - +1 pair of gloves "Zatouko" {*Slow Str+3 Int+6 Dex+3}
SInv    +            A - +1 pair of boots of the First Priests {rElec rCorr}
Will    +....        v - amulet of faith
Stlth   +++          u - +6 ring of dexterity
HPRegen 0.37/turn    C - ring of Iral {Str+6 SInv}
MPRegen 0.18/turn

%: slow self (1%), faith
@: about to teleport, heroic, flying, slowed, very slow
A: sickness immunity, AC +12, big wings, negative energy resistance 1,
electricity resistance, torment resistance 1, petrification resistance
a: Renounce Religion, Heroism


You were on level 2 of the Abyss.
You worshipped Okawaru.
Okawaru was most pleased with you.
You visited 3 branches of the dungeon, and saw 21 of its levels.
You visited the Abyss 1 time.

You collected 1413 gold pieces.


Innate Abilities, Weirdness & Mutations

You are immune to sickness and miasma.
Your stone body is resilient. (AC +12)
You are immune to poison.
Your large and strong wings let you fly.
You resist negative energy. (rN+)
You are resistant to electric shocks. (rElec)
You are resistant to unholy torment.
You are immune to petrification.


   Skills:
 - Level 14.0(19.0) Fighting
 - Level 20.0(25.0) Ranged Weapons
 - Level 8.0(13.0) Armour
 + Level 9.6(14.6) Dodging
 - Level 1.1(6.1) Stealth
 - Level 10.0 Invocations


You had 15 spell levels left.
You didn't know any spells.
Your spell library was empty.

Inventory:

Hand Weapons
 n - a +4 longbow of draining (weapon)
Armour
 f - the +0 cloak of the Treeataur {*Slow rN+ Slay+3}
   (You found it on level 15 of the Dungeon)

   Slay+3:    It affects your accuracy & damage with ranged weapons and melee
   (+3).
   rN+:       It protects you from negative energy.
   *Slow:     It may slow you when you take damage.
 m - a +1 cloak (worn)
 o - a +2 ring mail of fire resistance (worn)
 q - a +0 troll leather armour
 r - the +1 pair of gloves "Zatouko" (worn) {*Slow Str+3 Int+6 Dex+3}
   (You found it on level 8 of the Dungeon)

   Str+3:     It affects your strength (+3).
   Int+6:     It affects your intelligence (+6).
   Dex+3:     It affects your dexterity (+3).
   *Slow:     It may slow you when you take damage.
 y - a +2 hat (worn)
 z - a +2 helmet of see invisible
 A - the +1 pair of boots of the First Priests (worn) {rElec rCorr}
   (Okawaru gifted it to you on level 11 of the Dungeon)

   rElec:     It insulates you from electricity.
   rCorr:     It protects you from acid and corrosion.
Jewellery
 a - a ring of protection from fire
 i - an amulet of guardian spirit
 l - an amulet of reflection
 u - a +6 ring of dexterity (left hand)
 v - an amulet of faith (around neck)
 x - a +6 ring of intelligence
 C - the ring of Iral (right hand) {Str+6 SInv}
   (You found it on level 11 of the Dungeon)

   [ring of strength]

   Str+6:     It affects your strength (+6).
   SInv:      It lets you see invisible.
 Y - a ring of protection from cold
Wands
 g - a wand of digging (7)
Scrolls
 e - 16 scrolls of identify
 s - 3 scrolls of teleportation
 w - a scroll of brand weapon {unknown}
Potions
 b - 2 potions of enlightenment
 d - 2 potions of cancellation
 h - 7 potions of curing
 j - 3 potions of magic
 k - 2 potions of haste
 p - 4 potions of might
 t - a potion of resistance

Dungeon Overview and Level Annotations

Branches:
Dungeon (15/15)            Temple (1/1) D:5            Lair (5/5) D:10
 Shoals (0/4) Lair:3       Spider (0/4) Lair:2        Slime (0/5) Lair:4
    Orc (0/2) D:9          Vaults (0/5) D:14
 Depths: D:15

Altars:
Ashenzari
Cheibriados
Dithmenos
Elyvilon
Fedhas
Gozag
Hepliaklqana
Kikubaaqudgha
Makhleb
Nemelex Xobeh
Okawaru
Qazlal
Ru
Sif Muna
Trog
Uskayaw
Vehumet
Wu Jian
Xom
Yredelemnul
Zin
The Shining One
Jiyva
Lugonu

Portals:
Abyss: Lair:5
Bailey: D:8

Annotations:
D:3 1 transporter, qw's ghost, weakling MiHs
D:11 3 runed translucent doors, Pewkuev's ghost, journeyman GrHs


Message History

The bone dragon misses you. The bone dragon completely misses you.
The bone dragon barely misses you.
18766 |||
Found retreat position at -1,5 (floor) with 0 blocking monsters and 2 monsters attacking at destination at distance 5
18766 ||| READING 4 scrolls of teleportation.
As you read the scroll of teleportation, it crumbles to dust.
You feel strangely unstable.
You feel the power of the Abyss delaying your translocation!
The bone dragon bites you! The bone dragon closely misses you.
The bone dragon completely misses you.
The sun demon hits you but does no damage.
The starcursed mass touches you but does no damage.
18767 |||
Found retreat position at 1,0 (sun demon; floor) with 0 blocking monsters and 2 monsters attacking at destination at distance 1
18767 ||| DRINKING potion of heal wounds.
You feel much better.
The bone dragon completely misses you. x2; The bone dragon misses you.
The sun demon hits you!!
You are engulfed in flames!
You resist.
The starcursed mass touches you but does no damage.
The bone dragon bites you but does no damage.
The bone dragon barely misses you. The bone dragon completely misses you.
18768 |||
Found retreat position at 1,0 (sun demon; floor) with 0 blocking monsters and 2 monsters attacking at destination at distance 1 You shoot an arrow.
The arrow hits the bone dragon!!
The bone dragon is heavily damaged.
The sun demon hits you but does no damage.
A chorus of shrieks assaults your mind.
A starcursed mass splits.
The bone dragon barely misses you. The bone dragon claws you.
The bone dragon misses you. The sun demon completely misses you.
18769 |||
Found retreat position at 1,0 (sun demon; floor) with 0 blocking monsters and 2 monsters attacking at destination at distance 1 You shoot an arrow.
The arrow hits the bone dragon!!
The bone dragon is severely damaged.
The starcursed mass misses you. The sun demon barely misses you.
The bone dragon bites you but does no damage.
The bone dragon claws you but does no damage.
The bone dragon tramples you but does no damage.
18770 |||
Found retreat position at 1,0 (sun demon; floor) with 0 blocking monsters and 2 monsters attacking at destination at distance 1 You shoot an arrow.
The arrow hits the bone dragon!
The bone dragon is severely damaged.
A starcursed mass splits. x2; The sun demon completely misses you.
The bone dragon bites you!
You die...

. # 2 #. ..#
.. #..#..# ...
.....#. ....
..... ##.....
.
.##.X##.......
#.. #@3.......
#XD##.....
#XX........
#.X........
##.#... ...
#....... ..
###........
#..#....X. ...
... ...


You could see a bone dragon, 5 starcursed masses and a sun demon.

Vanquished Creatures
  A bone dragon (Abyss:2)
  A lich (Abyss:2)
  A tentacled starspawn (Abyss:2)
  Louise (D:15)
  Josephine (D:11)
  2 ettins (D:14)
  2 vault guards (D:14)
  7 hydras
  A hydra (shapeshifter) (Lair:5)
  An ice dragon (Lair:2)
  3 catoblepae
  An ogre mage (D:11)
  8 centaur warriors
  3 boulder beetles
  A death knight (D:14)
  2 tengu warriors (D:11)
  4 two-headed ogres
  5 thrashing horrors
  Urug (Lair:3)
  7 starcursed masses (Abyss:2)
  Sonja (Lair:3)
  A skyshark (Lair:3)
  Pikel (D:5)
  A wizard (D:14)
  An orc knight (D:15)
  5 deep elf pyromancers
  A harpy (shapeshifter) (D:15)
  2 oklob plants (Lair:4)
  12 cyclopes
  A will-o-the-wisp (Abyss:2)
  3 deep elf zephyrmancers
  11 ugly things
  4 manticores
  A guardian serpent (shapeshifter) (D:14)
  3 elephants (Lair:2)
  A merfolk siren (Lair:3)
  4 black mambas
  Maurice (D:8)
  4 smoke demons
  6 gargoyles
  11 cane toads
  An unseen horror (D:11)
  An efreet (D:13)
  A kobold demonologist (D:13)
  3 tengu conjurers
  9 komodo dragons
  4 freezing wraiths
  6 rime drakes
  An ice devil (Lair:2)
  An ancient zyme (Abyss:2)
  3 merfolk (Lair:3)
  6 polar bears
  2 meliai
  A hornet (D:8)
  14 blink frogs
  4 trolls
  A wind drake (shapeshifter) (D:14)
  2 raiju (Lair:5)
  5 dream sheep (Lair:5)
  11 slime creatures
  Sigmund (D:2)
  2 centaur simulacra
  7 wyverns
  22 yaks
  A spriggan (Lair:5)
  2 ynoxinuls
  A shadow (D:10)
  9 humans (D:14)
  5 wraiths
  6 basilisks (Lair:5)
  4 vampire mosquitoes
  5 steam dragons
  2 chaos spawn (Lair:5)
  A warg (D:9)
  Edmund (D:5)
  2 harpy simulacra (Lair:2)
  13 water moccasins
  3 large abominations
  A swamp drake (D:11)
  8 orc warriors
  2 black bears
  A black bear (shapeshifter) (D:13)
  An ice beast (D:4)
  2 ogres
  16 wolves
  An ogre (shapeshifter) (D:15)
  18 small abominations
  18 centaurs
  A boggart (D:14)
  3 phantoms
  A kobold brigand (D:9)
  6 bullfrogs
  2 gnoll sergeants
  3 scorpions
  7 wights (D:7)
  4 killer bees (Lair:2)
  3 howler monkeys (D:9)
  2 electric eels (D:12)
  A crimson imp (D:11)
  4 hounds
  A jelly (D:5)
  A gnoll bouda (D:3)
  3 iron imps
  3 orc priests
  Ijyb (D:5)
  Terence (D:3)
  10 orc wizards
  2 sleepcaps
  5 iguanas
  A polar bear simulacrum (Lair:2)
  Robin (D:2)
  23 gnolls
  9 adders
  A shadow imp (D:11)
  3 white imps
  An ufetubus (Abyss:2)
  2 worms
  30 orcs
  7 ball pythons
  10 bats
  7 endoplasms
  2 giant cockroaches
  13 goblins
  14 hobgoblins
  11 kobolds
  5 quokkas
  2 frilled lizards
  9 rats
574 creatures vanquished.

Vanquished Creatures (others)
  A vault guard (D:14)
  An unseen horror (D:11)
  A small abomination (Abyss:2)
  2 foxfires (Abyss:2)
  2 starspawn tentacles (Abyss:2)
7 creatures vanquished.

Grand Total: 581 creatures vanquished

Notes
Turn   | Place    | Note
-------+----------+-------------------------------------------
     0 | D:1      | qw the Gargoyle Hunter began the quest for the Orb.
     0 | D:1      | Reached XP level 1. HP: 12/12 MP: 1/1
     0 | D:1      | 0 ||| qw: Version: 0.3-a-76-g4403597
     0 | D:1      | 0 ||| qw: Game counter: 433
     0 | D:1      | 0 ||| qw: Melee chars always use a shield: true
     0 | D:1      | 0 ||| qw: God list: Okawaru
     0 | D:1      | 0 ||| qw: Allow faded altars: false
     0 | D:1      | 0 ||| qw: Do Orc after clearing Dungeon:15 true
     0 | D:1      | 0 ||| qw: Do second Lair branch before Depths: true
     0 | D:1      | 0 ||| qw: Lair rune preference: random
     0 | D:1      | 0 ||| qw: Goals: Normal
     0 | D:1      | 0 ||| PLANNING D:1-11
   159 | D:1      | Reached XP level 2. HP: 17/17 MP: 2/2
   560 | D:1      | HP: 4/17 [gnoll/+0 spear (3)]
   564 | D:1      | Reached skill level 5 in Ranged Weapons
   564 | D:1      | Reached XP level 3. HP: 5/21 MP: 3/3
   768 | D:1      | 768 ||| READING scroll labelled OTIDDO SIXT.
   769 | D:1      | 769 ||| READING scroll labelled DYUTINK REKUNN.
   769 | D:1      | Identified a scroll of acquirement
   769 | D:1      | 769 ||| ACQUIRING ring of ice
   769 | D:1      | Acquired a ring of ice
   771 | D:1      | 771 ||| DROPPING scroll of butterflies.
   982 | D:2      | Reached skill level 3 in Fighting
   989 | D:2      | 989 ||| FLEEEEING.
   990 | D:2      | 990 ||| FLEEEEING.
   991 | D:2      | 991 ||| FLEEEEING.
   992 | D:2      | 992 ||| FLEEEEING.
   993 | D:2      | 993 ||| FLEEEEING.
   994 | D:2      | 994 ||| FLEEEEING.
   995 | D:2      | 995 ||| FLEEEEING.
   996 | D:2      | 996 ||| FLEEEEING.
   997 | D:2      | 997 ||| FLEEEEING.
   998 | D:2      | 998 ||| FLEEEEING.
   999 | D:2      | 999 ||| FLEEEEING.
  1007 | D:2      | Reached XP level 4. HP: 27/28 MP: 4/4
  1023 | D:2      | 1023 ||| READING scroll of acquirement.
  1023 | D:2      | 1023 ||| ACQUIRING +1 longbow of draining
  1023 | D:2      | Acquired a +1 longbow of draining
  1025 | D:2      | 1025 ||| SWAPPING to +1 longbow of draining.
  1026 | D:2      | 1026 ||| DROPPING +0 shortbow.
  1051 | D:2      | Noticed Sigmund
  1061 | D:2      | HP: 3/28 [something/magic dart (7)]
  1064 | D:2      | Killed Sigmund
  1065 | D:2      | Reached skill level 6 in Ranged Weapons
  1065 | D:2      | Reached XP level 5. HP: 4/32 MP: 5/5
  1072 | D:2      | 1072 ||| FLEEEEING.
  1073 | D:2      | 1073 ||| FLEEEEING.
  1074 | D:2      | 1074 ||| FLEEEEING.
  1075 | D:2      | 1075 ||| FLEEEEING.
  1076 | D:2      | 1076 ||| FLEEEEING.
  1080 | D:2      | 1080 ||| FLEEEEING.
  1081 | D:2      | 1081 ||| FLEEEEING.
  1083 | D:2      | 1083 ||| FLEEEEING.
  1084 | D:2      | 1084 ||| FLEEEEING.
  1085 | D:2      | 1085 ||| FLEEEEING.
  1086 | D:2      | 1086 ||| FLEEEEING.
  1091 | D:2      | 1091 ||| FLEEEEING.
  1092 | D:2      | 1092 ||| FLEEEEING.
  1093 | D:2      | 1093 ||| FLEEEEING.
  1094 | D:2      | 1094 ||| FLEEEEING.
  1104 | D:2      | 1104 ||| FLEEEEING.
  1105 | D:2      | 1105 ||| FLEEEEING.
  1106 | D:2      | 1106 ||| FLEEEEING.
  1118 | D:2      | 1118 ||| FLEEEEING.
  1119 | D:2      | 1119 ||| FLEEEEING.
  1120 | D:2      | 1120 ||| FLEEEEING.
  1121 | D:2      | 1121 ||| FLEEEEING.
  1122 | D:2      | 1122 ||| FLEEEEING.
  1123 | D:2      | 1123 ||| FLEEEEING.
  1124 | D:2      | 1124 ||| FLEEEEING.
  1128 | D:2      | 1128 ||| FLEEEEING.
  1131 | D:2      | 1131 ||| FLEEEEING.
  1132 | D:2      | 1132 ||| FLEEEEING.
  1133 | D:2      | 1133 ||| FLEEEEING.
  1134 | D:2      | 1134 ||| FLEEEEING.
  1136 | D:2      | 1136 ||| FLEEEEING.
  1137 | D:2      | 1137 ||| FLEEEEING.
  1138 | D:2      | 1138 ||| FLEEEEING.
  1139 | D:2      | 1139 ||| FLEEEEING.
  1140 | D:2      | 1140 ||| FLEEEEING.
  1141 | D:2      | 1141 ||| FLEEEEING.
  1142 | D:2      | 1142 ||| FLEEEEING.
  1146 | D:2      | Reached XP level 6. HP: 29/37 MP: 6/6
  1629 | D:2      | 1629 ||| UPGRADING to +1 robe of cold resistance.
  1639 | D:2      | 1639 ||| READING scroll labelled VIENO YZEHIT.
  1640 | D:2      | 1640 ||| READING 2 scrolls of identify.
  1640 | D:2      | 1640 ||| IDENTIFYING fizzy dark potion
  1671 | D:3      | Noticed Robin
  1673 | D:3      | 1673 ||| STAIRDANCE
  1678 | D:3      | 1678 ||| STAIRDANCE
  1684 | D:3      | 1684 ||| STAIRDANCE
  1727 | D:3      | 1727 ||| STAIRDANCE
  1733 | D:3      | 1733 ||| STAIRDANCE
  1762 | D:3      | 1762 ||| STAIRDANCE
  1772 | D:3      | 1772 ||| STAIRDANCE
  1787 | D:3      | 1787 ||| STAIRDANCE
  1790 | D:2      | Killed Robin
  1793 | D:2      | 1793 ||| UPGRADING to +0 helmet.
  1811 | D:3      | 1811 ||| Stepping ~*~*~tactically~*~*~ (water).
  1836 | D:3      | 1836 ||| READING scroll labelled CULOCL QEIKI.
  1846 | D:3      | Noticed a golden eye
  1852 | D:3      | Found a faded altar of an unknown god.
  1855 | D:3      | Noticed a floating eye
  1903 | D:3      | 1903 ||| Stepping ~*~*~tactically~*~*~ (water).
  1912 | D:3      | 1912 ||| RETREATING.
  1921 | D:3      | 1921 ||| Stepping ~*~*~tactically~*~*~ (water).
  1935 | D:3      | 1935 ||| Stepping ~*~*~tactically~*~*~ (retreating).
  1936 | D:3      | 1936 ||| Stepping ~*~*~tactically~*~*~ (retreating).
  1940 | D:3      | Reached skill level 7 in Ranged Weapons
  1945 | D:3      | HP: 9/38 [gnoll/+0 flail[a gnoll bouda] (3)]
  1947 | D:3      | HP: 2/38 [gnoll/+0 whip[a gnoll bouda] (4)]
  2173 | D:3      | Noticed Terence
  2177 | D:3      | Killed Terence
  2306 | D:3      | Noticed qw's ghost (weakling MiHs)
  2308 | D:3      | Found a transporter.
  2308 | D:3      | Identified the +4 great mace of Inference {freeze, Str+2}
  2366 | D:3      | 2366 ||| Stepping ~*~*~tactically~*~*~ (outnumbered).
  2368 | D:3      | 2368 ||| Stepping ~*~*~tactically~*~*~ (outnumbered).
  2370 | D:3      | 2370 ||| Stepping ~*~*~tactically~*~*~ (outnumbered).
  2572 | D:3      | Noticed a shining eye
  2576 | D:3      | Noticed a floating eye
  2661 | D:3      | 2661 ||| UPGRADING to amulet of reflection.
  2666 | D:3      | 2666 ||| UPGRADING to ring of resist corrosion.
  2667 | D:3      | 2667 ||| READING scroll labelled QEUCSE ORUWE.
  2668 | D:3      | 2668 ||| READING scroll labelled RAWECRIN ADWUARCH.
  2669 | D:3      | 2669 ||| READING scroll labelled WUDAOL EJYLYI.
  2670 | D:3      | 2670 ||| READING scroll labelled ANEXZORAME.
  2671 | D:3      | 2671 ||| READING 2 scrolls of identify.
  2671 | D:3      | 2671 ||| IDENTIFYING bubbling black potion
  2672 | D:3      | 2672 ||| DROPPING potion of degeneration.
  2761 | D:4      | Reached XP level 7. HP: 43/43 MP: 7/7
  2881 | D:4      | Reached skill level 8 in Ranged Weapons
  3153 | D:4      | 3153 ||| DROPPING +0 leather armour.
  3154 | D:4      | 3154 ||| READING scroll labelled SUGHIPADUR.
  3155 | D:4      | 3155 ||| READING scroll labelled ABOMOU VULI.
  3156 | D:4      | 3156 ||| DRINKING 2 red potions.
  3177 | D:5      | Entered Level 5 of the Dungeon
  3178 | D:5      | 3178 ||| STAIRDANCE
  3184 | D:5      | 3184 ||| STAIRDANCE
  3189 | D:4      | Reached skill level 1 in Armour
  3221 | D:5      | 3221 ||| STAIRDANCE
  3224 | D:4      | Reached XP level 8. HP: 49/49 MP: 8/8
  3272 | D:5      | Noticed Pikel
  3275 | D:5      | 3275 ||| RETREATING.
  3277 | D:5      | Killed Pikel
  3278 | D:5      | Reached skill level 10 in Ranged Weapons
  3328 | D:5      | Found a staircase to the Ecumenical Temple.
  3329 | D:5      | 3329 ||| PLANNING TEMPLE
  3329 | D:5      | 3329 ||| DRINKING 2 fizzy purple potions.
  3330 | D:5      | 3330 ||| READING 2 scrolls of identify.
  3330 | D:5      | 3330 ||| IDENTIFYING glowing cyan potion
  3331 | D:5      | 3331 ||| DROPPING potion of magic.
  3340 | Temple   | Entered the Ecumenical Temple
  3341 | Temple   | 3341 ||| PLANNING OKAWARU WORSHIP
  3371 | Temple   | Became a worshipper of Warmaster Okawaru
  3372 | Temple   | 3372 ||| PLANNING D:1-11
  3458 | D:5      | Noticed a troll
  3465 | D:5      | Killed a troll
  3466 | D:5      | Reached skill level 6 in Fighting
  3475 | D:5      | Noticed Ijyb
  3479 | D:5      | Killed Ijyb
  3520 | D:5      | Reached XP level 9. HP: 48/56 MP: 9/9
  3565 | D:5      | Found a sparkling altar of Nemelex Xobeh.
  3656 | D:5      | Reached skill level 3 in Dodging
  3726 | D:5      | Reached * piety under Okawaru
  3812 | D:5      | Noticed Edmund
  3813 | D:5      | 3813 ||| INVOKING Heroism.
  3821 | D:5      | Killed Edmund
  3940 | D:5      | 3940 ||| UPGRADING to ring of protection from cold.
  3941 | D:5      | 3941 ||| DRINKING 2 green potions.
  3978 | D:6      | Reached skill level 1 in Invocations
  3987 | D:6      | 3987 ||| INVOKING Heroism.
  4037 | D:6      | 4037 ||| INVOKING Heroism.
  4057 | D:6      | 4057 ||| FLEEEEING.
  4058 | D:6      | 4058 ||| FLEEEEING.
  4062 | D:6      | 4062 ||| FLEEEEING.
  4504 | D:6      | 4504 ||| DROPPING +0 ring mail.
  4505 | D:6      | 4505 ||| UPGRADING to +2 ring mail of fire resistance.
  4515 | D:6      | 4515 ||| DROPPING +1 robe of cold resistance.
  4573 | D:7      | Reached skill level 3 in Invocations
  4696 | D:7      | Reached skill level 11 in Ranged Weapons
  4775 | D:7      | 4775 ||| INVOKING Heroism.
  4782 | D:7      | Reached skill level 3 in Armour
  4897 | D:7      | 4897 ||| DRINKING potion of curing.
  4897 | D:7      | 4897 ||| (to cure confusion)
  4898 | D:7      | 4898 ||| INVOKING Heroism.
  4899 | D:7      | 4899 ||| Stepping ~*~*~tactically~*~*~ (retreating).
  4900 | D:7      | 4900 ||| Stepping ~*~*~tactically~*~*~ (retreating).
  4901 | D:7      | 4901 ||| Stepping ~*~*~tactically~*~*~ (retreating).
  4902 | D:7      | 4902 ||| Stepping ~*~*~tactically~*~*~ (retreating).
  4903 | D:7      | 4903 ||| RETREATING.
  4909 | D:7      | HP: 14/58 [wight/+4 mace (2)]
  4910 | D:7      | 4910 ||| DRINKING 2 potions of heal wounds.
  4915 | D:7      | Reached XP level 10. HP: 44/64 MP: 13/13
  5749 | D:7      | 5749 ||| READING scroll labelled TADIUK QYDGH.
  5750 | D:7      | 5750 ||| DRINKING 2 cyan potions.
  5751 | D:7      | 5751 ||| DRINKING 2 sapphire potions.
  5754 | D:7      | 5754 ||| DROPPING potion of invisibility.
  5755 | D:7      | 5755 ||| DROPPING potion of ambrosia.
  5809 | D:8      | 5809 ||| INVOKING Heroism.
  5829 | D:8      | Noticed Maurice
  5837 | D:8      | Killed Maurice
  5837 | D:8      | Reached ** piety under Okawaru
  5838 | D:8      | Reached skill level 12 in Ranged Weapons
  5982 | D:8      | Identified the +1 pair of gloves "Zatouko" {*Slow Str+3
                  | Int+6 Dex+3}
  6224 | D:8      | Found a flagged portal.
  6237 | D:8      | 6237 ||| UPGRADING to +0 cloak.
  6242 | D:8      | 6242 ||| UPGRADING to +1 pair of gloves "Zatouko" {*Slow
                  | Str+3 Int+6 Dex+3}.
  6247 | D:8      | 6247 ||| READING scroll labelled YNLOTU ESYECAE.
  6250 | D:8      | 6250 ||| READING 4 scrolls of identify.
  6250 | D:8      | 6250 ||| IDENTIFYING fuming green potion
  6251 | D:8      | 6251 ||| READING 3 scrolls of identify.
  6251 | D:8      | 6251 ||| IDENTIFYING ruby potion
  6252 | D:8      | 6252 ||| READING 2 scrolls of identify.
  6252 | D:8      | 6252 ||| IDENTIFYING orange potion
  6253 | D:8      | 6253 ||| DROPPING potion of brilliance.
  6349 | D:9      | 6349 ||| READING scroll of enchant weapon.
  6349 | D:9      | 6349 ||| ENCHANTING +2 longbow of draining.
  6454 | D:9      | 6454 ||| INVOKING Heroism.
  6592 | D:9      | Found a staircase to the Orcish Mines.
  6614 | D:9      | 6614 ||| Stepping ~*~*~tactically~*~*~ (retreating).
  6618 | D:9      | 6618 ||| INVOKING Heroism.
  6694 | D:9      | 6694 ||| INVOKING Heroism.
  6832 | D:9      | 6832 ||| UPGRADING to +0 pair of boots.
  6837 | D:9      | 6837 ||| READING 3 scrolls of identify.
  6837 | D:9      | 6837 ||| IDENTIFYING metallic puce potion
  6838 | D:9      | 6838 ||| DROPPING potion of lignification.
  6852 | D:10     | Entered Level 10 of the Dungeon
  6910 | D:10     | 6910 ||| INVOKING Heroism.
  6926 | D:10     | Found a glowing golden altar of the Shining One.
  6977 | D:10     | Found a staircase to the Lair.
  7203 | D:10     | 7203 ||| RETREATING.
  7717 | D:10     | 7717 ||| PLANNING LAIR
  7717 | D:10     | 7717 ||| DROPPING ring of ice.
  7718 | D:10     | 7718 ||| UPGRADING to +6 ring of dexterity.
  7720 | D:10     | 7720 ||| READING 4 scrolls of identify.
  7720 | D:10     | 7720 ||| IDENTIFYING silvery potion
  7721 | D:10     | 7721 ||| DROPPING potion of berserk rage.
  7812 | Lair:1   | Entered Level 1 of the Lair of Beasts
  7820 | Lair:1   | 7820 ||| STAIRDANCE
  7824 | D:10     | Reached *** piety under Okawaru
  7825 | D:10     | Reached XP level 11. HP: 68/68 MP: 14/14
  7828 | Lair:1   | 7828 ||| STAIRDANCE
  7845 | Lair:1   | 7845 ||| INVOKING Heroism.
  7846 | Lair:1   | 7846 ||| STAIRDANCE
  7859 | D:10     | Reached skill level 13 in Ranged Weapons
  7929 | Lair:1   | 7929 ||| STAIRDANCE
  7931 | D:10     | 7931 ||| INVOKING Heroism.
  8009 | Lair:1   | 8009 ||| INVOKING Heroism.
  8022 | Lair:1   | Reached skill level 9 in Fighting
  8046 | Lair:1   | 8046 ||| INVOKING Heroism.
  8089 | Lair:1   | 8089 ||| RETREATING.
  8090 | Lair:1   | 8090 ||| Stepping ~*~*~tactically~*~*~ (retreating).
  8091 | Lair:1   | 8091 ||| Stepping ~*~*~tactically~*~*~ (retreating).
  8097 | Lair:1   | 8097 ||| RETREATING.
  8211 | Lair:1   | 8211 ||| INVOKING Heroism.
  8374 | Lair:1   | 8374 ||| INVOKING Heroism.
  8470 | Lair:1   | 8470 ||| INVOKING Heroism.
  8480 | Lair:1   | Reached skill level 14 in Ranged Weapons
  8515 | Lair:1   | 8515 ||| READING scroll of enchant weapon.
  8515 | Lair:1   | 8515 ||| ENCHANTING +3 longbow of draining.
  8799 | Lair:1   | 8799 ||| DROPPING ring of resist corrosion.
  8800 | Lair:1   | 8800 ||| READING 4 scrolls of identify.
  8800 | Lair:1   | 8800 ||| IDENTIFYING viscous blue potion
  8811 | Lair:2   | 8811 ||| INVOKING Heroism.
  8837 | Lair:2   | 8837 ||| INVOKING Heroism.
  8841 | Lair:2   | Reached skill level 6 in Armour
  8874 | Lair:2   | Found a hole to the Spider Nest.
  8877 | Lair:2   | 8877 ||| INVOKING Heroism.
  8921 | Lair:2   | 8921 ||| INVOKING Heroism.
  8953 | Lair:2   | 8953 ||| INVOKING Heroism.
  8954 | Lair:2   | Noticed an ice dragon
  8955 | Lair:2   | 8955 ||| RETREATING.
  8965 | Lair:2   | 8965 ||| Stepping ~*~*~tactically~*~*~ (retreating).
  8966 | Lair:2   | 8966 ||| Stepping ~*~*~tactically~*~*~ (retreating).
  8967 | Lair:2   | 8967 ||| Stepping ~*~*~tactically~*~*~ (retreating).
  8968 | Lair:2   | 8968 ||| Stepping ~*~*~tactically~*~*~ (retreating).
  8969 | Lair:2   | 8969 ||| Stepping ~*~*~tactically~*~*~ (retreating).
  8970 | Lair:2   | 8970 ||| Stepping ~*~*~tactically~*~*~ (retreating).
  8971 | Lair:2   | 8971 ||| Stepping ~*~*~tactically~*~*~ (retreating).
  8982 | Lair:2   | Killed an ice dragon
  8982 | Lair:2   | Reached **** piety under Okawaru
  9105 | Lair:2   | 9105 ||| RETREATING.
  9110 | Lair:2   | 9110 ||| INVOKING Heroism.
  9115 | Lair:2   | Reached XP level 12. HP: 78/78 MP: 12/15
  9146 | Lair:2   | 9146 ||| INVOKING Heroism.
  9202 | Lair:2   | You fall into a shaft and drop 2 floors!
  9203 | Lair:4   | 9203 ||| RETREATING.
  9237 | Lair:4   | 9237 ||| DROPPING scarf of shadows.
  9238 | Lair:4   | 9238 ||| READING scroll labelled HUICOGHYCWO.
  9239 | Lair:4   | 9239 ||| READING scroll labelled TANYZE MUSYIRU.
  9340 | Lair:4   | 9340 ||| READING 5 scrolls of identify.
  9340 | Lair:4   | 9340 ||| IDENTIFYING purple potion
  9341 | Lair:4   | 9341 ||| DROPPING potion of attraction.
  9346 | Lair:4   | Reached skill level 6 in Dodging
  9352 | Lair:3   | 9352 ||| RETREATING.
  9355 | Lair:3   | 9355 ||| Stepping ~*~*~tactically~*~*~ (retreating).
  9356 | Lair:3   | 9356 ||| Stepping ~*~*~tactically~*~*~ (retreating).
  9421 | Lair:2   | 9421 ||| INVOKING Heroism.
  9428 | Lair:2   | Reached skill level 6 in Invocations
  9481 | Lair:2   | 9481 ||| RETREATING.
  9483 | Lair:2   | 9483 ||| Stepping ~*~*~tactically~*~*~ (retreating).
  9484 | Lair:2   | 9484 ||| Stepping ~*~*~tactically~*~*~ (retreating).
  9485 | Lair:2   | 9485 ||| Stepping ~*~*~tactically~*~*~ (retreating).
  9596 | Lair:2   | 9596 ||| INVOKING Heroism.
  9625 | Lair:2   | 9625 ||| RETREATING.
  9630 | Lair:2   | 9630 ||| Stepping ~*~*~tactically~*~*~ (retreating).
  9631 | Lair:2   | 9631 ||| Stepping ~*~*~tactically~*~*~ (retreating).
  9632 | Lair:2   | 9632 ||| Stepping ~*~*~tactically~*~*~ (retreating).
  9633 | Lair:2   | 9633 ||| Stepping ~*~*~tactically~*~*~ (retreating).
  9634 | Lair:2   | 9634 ||| Stepping ~*~*~tactically~*~*~ (retreating).
  9635 | Lair:2   | 9635 ||| Stepping ~*~*~tactically~*~*~ (retreating).
  9636 | Lair:2   | 9636 ||| Stepping ~*~*~tactically~*~*~ (retreating).
  9637 | Lair:2   | 9637 ||| Stepping ~*~*~tactically~*~*~ (retreating).
  9638 | Lair:2   | 9638 ||| Stepping ~*~*~tactically~*~*~ (retreating).
  9639 | Lair:2   | 9639 ||| Stepping ~*~*~tactically~*~*~ (retreating).
  9640 | Lair:2   | 9640 ||| INVOKING Heroism.
  9645 | Lair:2   | HP: 16/78 [rime drake/icy flash freeze (7)]
  9646 | Lair:2   | 9646 ||| READING 4 scrolls of teleportation.
  9647 | Lair:2   | 9647 ||| DRINKING 5 potions of heal wounds.
 10110 | Lair:3   | Noticed Urug
 10111 | Lair:3   | 10111 ||| INVOKING Heroism.
 10114 | Lair:3   | Killed Urug
 10222 | Lair:3   | Noticed a skyshark
 10232 | Lair:3   | Killed a skyshark
 10232 | Lair:3   | Reached ***** piety under Okawaru
 10232 | Lair:3   | Received a gift from Okawaru
 10309 | Lair:3   | 10309 ||| FLEEEEING.
 10318 | Lair:3   | Reached skill level 15 in Ranged Weapons
 10435 | Lair:3   | Found a staircase to the Shoals.
 10436 | Lair:3   | 10436 ||| Stepping ~*~*~tactically~*~*~ (water).
 10444 | Lair:3   | 10444 ||| Stepping ~*~*~tactically~*~*~ (water).
 10464 | Lair:3   | Noticed Sonja
 10465 | Lair:3   | 10465 ||| INVOKING Finesse.
 10467 | Lair:3   | Killed Sonja
 10629 | Lair:3   | Noticed a catoblepas
 10630 | Lair:3   | 10630 ||| INVOKING Heroism.
 10631 | Lair:3   | 10631 ||| INVOKING Finesse.
 10634 | Lair:3   | Killed a catoblepas
 10635 | Lair:3   | Reached skill level 9 in Invocations
 10743 | Lair:3   | 10743 ||| INVOKING Heroism.
 10756 | Lair:3   | Reached XP level 13. HP: 83/83 MP: 17/19
 11070 | Lair:3   | 11070 ||| INVOKING Heroism.
 11197 | Lair:4   | 11197 ||| INVOKING Heroism.
 11293 | Lair:4   | 11293 ||| INVOKING Heroism.
 11335 | Lair:4   | Found a staircase to the Slime Pits.
 11335 | Lair:4   | Found a viscous altar of Jiyva.
 11571 | Lair:4   | Reached skill level 16 in Ranged Weapons
 11644 | Lair:4   | 11644 ||| INVOKING Heroism.
 11888 | Lair:4   | 11888 ||| DROPPING +0 robe of willpower.
 11894 | Lair:5   | Entered Level 5 of the Lair of Beasts
 11933 | Lair:5   | 11933 ||| INVOKING Heroism.
 12052 | Lair:5   | 12052 ||| RETREATING.
 12067 | Lair:5   | Identified the +0 robe of Hynal {Rampage rF- Int+2}
                  | (Okawaru gifted it to you on level 5 of the Lair of Beasts)
 12067 | Lair:5   | Received a gift from Okawaru
 12070 | Lair:5   | 12070 ||| INVOKING Heroism.
 12272 | Lair:5   | 12272 ||| RETREATING.
 12476 | Lair:5   | 12476 ||| RETREATING.
 12638 | Lair:5   | 12638 ||| INVOKING Heroism.
 12661 | Lair:5   | 12661 ||| RETREATING.
 12672 | Lair:5   | 12672 ||| Stepping ~*~*~tactically~*~*~ (retreating).
 12673 | Lair:5   | 12673 ||| Stepping ~*~*~tactically~*~*~ (retreating).
 12674 | Lair:5   | 12674 ||| Stepping ~*~*~tactically~*~*~ (retreating).
 12709 | Lair:5   | 12709 ||| FLEEEEING.
 12710 | Lair:5   | 12710 ||| INVOKING Heroism.
 12830 | Lair:5   | 12830 ||| INVOKING Heroism.
 12884 | Lair:5   | 12884 ||| INVOKING Heroism.
 12886 | Lair:5   | 12886 ||| Stepping ~*~*~tactically~*~*~ (retreating).
 12887 | Lair:5   | 12887 ||| Stepping ~*~*~tactically~*~*~ (retreating).
 12989 | Lair:5   | 12989 ||| RETREATING.
 13058 | Lair:5   | 13058 ||| INVOKING Heroism.
 13064 | Lair:5   | 13064 ||| RETREATING.
 13066 | Lair:5   | 13066 ||| Stepping ~*~*~tactically~*~*~ (retreating).
 13123 | Lair:5   | 13123 ||| FLEEEEING.
 13124 | Lair:5   | 13124 ||| FLEEEEING.
 13125 | Lair:5   | 13125 ||| FLEEEEING.
 13126 | Lair:5   | 13126 ||| FLEEEEING.
 13127 | Lair:5   | 13127 ||| FLEEEEING.
 13130 | Lair:5   | 13130 ||| FLEEEEING.
 13133 | Lair:5   | 13133 ||| FLEEEEING.
 13134 | Lair:5   | 13134 ||| FLEEEEING.
 13188 | Lair:5   | 13188 ||| RETREATING.
 13191 | Lair:5   | Reached skill level 17 in Ranged Weapons
 13200 | Lair:5   | 13200 ||| FLEEEEING.
 13204 | Lair:5   | 13204 ||| FLEEEEING.
 13211 | Lair:5   | 13211 ||| FLEEEEING.
 13212 | Lair:5   | 13212 ||| FLEEEEING.
 13220 | Lair:5   | Gained mutation: Your large and strong wings let you fly.
                  | [Gargoyle growth]
 13220 | Lair:5   | Reached XP level 14. HP: 87/90 MP: 21/21
 13352 | Lair:5   | Found a corrupted altar of Lugonu.
 13352 | Lair:5   | Found a one-way gate to the infinite horrors of the Abyss.
 13481 | Lair:5   | 13481 ||| PLANNING D:1-11
 13481 | Lair:5   | 13481 ||| DROPPING +0 robe of Hynal {Rampage rF- Int+2}.
 13482 | Lair:5   | 13482 ||| UPGRADING to amulet of faith.
 13627 | D:11     | Noticed Josephine
 13630 | D:11     | 13630 ||| RETREATING.
 13648 | D:11     | Killed Josephine
 13750 | D:11     | Found a runed translucent gate.
 13751 | D:11     | Found a runed translucent gate.
 13752 | D:11     | Found a runed translucent gate.
 13753 | D:11     | Noticed Pewkuev's ghost (journeyman GrHs)
 13889 | D:11     | 13889 ||| Stepping ~*~*~tactically~*~*~ (outnumbered).
 13890 | D:11     | 13890 ||| Stepping ~*~*~tactically~*~*~ (outnumbered).
 13934 | D:11     | Reached skill level 18 in Ranged Weapons
 13961 | D:11     | Identified the +1 pair of boots of the First Priests {rElec
                  | rCorr} (Okawaru gifted it to you on level 11 of the
                  | Dungeon)
 13961 | D:11     | Received a gift from Okawaru
 14040 | D:11     | 14040 ||| RETREATING.
 14160 | D:11     | Found an ancient bone altar of Kikubaaqudgha.
 14160 | D:11     | Found an iron altar of Okawaru.
 14162 | D:11     | Found a glowing golden altar of the Shining One.
 14162 | D:11     | Found an iron altar of Okawaru.
 14175 | D:11     | 14175 ||| RETREATING.
 14177 | D:11     | 14177 ||| RETREATING.
 14178 | D:11     | 14178 ||| INVOKING Heroism.
 14184 | D:11     | 14184 ||| INVOKING Finesse.
 14185 | D:11     | Paralysed by something for 4 turns
 14206 | D:11     | Reached skill level 12 in Fighting
 14324 | D:11     | Identified the +1 robe of Light {rPois}
 14330 | D:11     | Identified the ring of Iral {Str+6 SInv}
 14649 | D:11     | 14649 ||| PLANNING D
 14649 | D:11     | 14649 ||| DROPPING +2 pair of gloves.
 14650 | D:11     | 14650 ||| DROPPING +1 hat.
 14651 | D:11     | 14651 ||| DROPPING +1 hat.
 14652 | D:11     | 14652 ||| UPGRADING to +2 hat.
 14662 | D:11     | 14662 ||| DROPPING +0 helmet.
 14663 | D:11     | 14663 ||| DROPPING +1 hat.
 14664 | D:11     | 14664 ||| UPGRADING to +1 pair of boots of the First
                  | Priests {rElec rCorr}.
 14674 | D:11     | 14674 ||| DROPPING +0 pair of boots.
 14675 | D:11     | 14675 ||| DROPPING +1 robe of Light {rPois}.
 14676 | D:11     | 14676 ||| DROPPING +6 ring of strength.
 14677 | D:11     | 14677 ||| UPGRADING to ring of Iral {Str+6 SInv}.
 14701 | D:12     | 14701 ||| Stepping ~*~*~tactically~*~*~ (outnumbered).
 14702 | D:12     | 14702 ||| Stepping ~*~*~tactically~*~*~ (outnumbered).
 15037 | D:12     | Received a gift from Okawaru
 15201 | D:12     | 15201 ||| DROPPING +1 pair of gloves of hurling.
 15202 | D:12     | 15202 ||| DROPPING amulet of regeneration.
 15405 | D:13     | 15405 ||| INVOKING Heroism.
 15424 | D:13     | 15424 ||| INVOKING Finesse.
 15491 | D:13     | Identified the +1 whip "Qifel" {heavy, Fragile Int+5 SInv}
 15541 | D:13     | Reached XP level 15. HP: 96/96 MP: 22/22
 15607 | D:13     | Reached skill level 19 in Ranged Weapons
 15958 | D:13     | 15958 ||| DROPPING ring of see invisible.
 16086 | D:14     | Identified the +0 robe "Wyown" {Dex+4}
 16113 | D:14     | Identified the +2 hand axe of the Flying Fool {freeze,
                  | rCorr}
 16221 | D:14     | 16221 ||| RETREATING.
 16257 | D:14     | Reached skill level 9 in Dodging
 16333 | D:14     | Found a gate to the Vaults.
 16483 | D:14     | Identified the +11 crystal plate armour of the Blushing
                  | Gods {rN+ MP+9} (Okawaru gifted it to you on level 14 of
                  | the Dungeon)
 16483 | D:14     | Received a gift from Okawaru
 16485 | D:14     | 16485 ||| Stepping ~*~*~tactically~*~*~ (outnumbered).
 16492 | D:14     | 16492 ||| INVOKING Heroism.
 16585 | D:14     | 16585 ||| FLEEEEING.
 16586 | D:14     | 16586 ||| FLEEEEING.
 16716 | D:14     | 16716 ||| READING scroll of enchant armour.
 16716 | D:14     | 16716 ||| ENCHANTING +0 cloak.
 16781 | D:14     | 16781 ||| INVOKING Heroism.
 16782 | D:14     | 16782 ||| Stepping ~*~*~tactically~*~*~ (retreating).
 16783 | D:14     | 16783 ||| INVOKING Finesse.
 16837 | D:14     | 16837 ||| INVOKING Finesse.
 16838 | D:14     | 16838 ||| Stepping ~*~*~tactically~*~*~ (retreating).
 16999 | D:14     | 16999 ||| INVOKING Heroism.
 17000 | D:14     | 17000 ||| INVOKING Finesse.
 17307 | D:14     | 17307 ||| INVOKING Heroism.
 17394 | D:14     | 17394 ||| RETREATING.
 17400 | D:14     | 17400 ||| RETREATING.
 17401 | D:14     | 17401 ||| Stepping ~*~*~tactically~*~*~ (retreating).
 17404 | D:14     | 17404 ||| Stepping ~*~*~tactically~*~*~ (retreating).
 17413 | D:14     | 17413 ||| INVOKING Heroism.
 17658 | D:14     | 17658 ||| Stepping ~*~*~tactically~*~*~ (outnumbered).
 17661 | D:14     | 17661 ||| Stepping ~*~*~tactically~*~*~ (outnumbered).
 17664 | D:14     | 17664 ||| Stepping ~*~*~tactically~*~*~ (outnumbered).
 17772 | D:14     | 17772 ||| DROPPING +0 robe "Wyown" {Dex+4}.
 17782 | D:15     | Entered Level 15 of the Dungeon
 17783 | D:15     | 17783 ||| Stepping ~*~*~tactically~*~*~ (outnumbered).
 17785 | D:15     | 17785 ||| Stepping ~*~*~tactically~*~*~ (outnumbered).
 17786 | D:15     | 17786 ||| Stepping ~*~*~tactically~*~*~ (outnumbered).
 17787 | D:15     | 17787 ||| Stepping ~*~*~tactically~*~*~ (outnumbered).
 17792 | D:15     | 17792 ||| Stepping ~*~*~tactically~*~*~ (outnumbered).
 17813 | D:15     | Identified the +0 cloak of the Treeataur {*Slow rN+ Slay+3}
 17860 | D:15     | Identified the +6 plate armour of Vebimmui {Fly rElec
                  | Str-4}
 17969 | D:15     | 17969 ||| Stepping ~*~*~tactically~*~*~ (outnumbered).
 17974 | D:15     | 17974 ||| INVOKING Heroism.
 17979 | D:15     | Reached skill level 20 in Ranged Weapons
 18018 | D:15     | Noticed Louise
 18019 | D:15     | 18019 ||| INVOKING Heroism.
 18028 | D:15     | 18028 ||| Stepping ~*~*~tactically~*~*~ (retreating).
 18038 | D:15     | Killed Louise
 18067 | D:15     | Found a burning altar of Makhleb.
 18276 | Abyss:2  | Cast into level 2 of the Abyss (a wizard)
 18312 | Abyss:2  | Received a gift from Okawaru
 18345 | Abyss:2  | Found a corrupted altar of Lugonu.
 18371 | Abyss:2  | Noticed a bone dragon
 18385 | Abyss:2  | 18385 ||| INVOKING Heroism.
 18389 | Abyss:2  | Killed a bone dragon
 18442 | Abyss:2  | 18442 ||| INVOKING Heroism.
 18516 | Abyss:2  | Noticed a tentacled starspawn
 18522 | Abyss:2  | Killed a tentacled starspawn
 18529 | Abyss:2  | Noticed a lich
 18530 | Abyss:2  | 18530 ||| INVOKING Heroism.
 18537 | Abyss:2  | Killed a lich
 18538 | Abyss:2  | Reached XP level 16. HP: 106/106 MP: 21/23
 18548 | Abyss:2  | 18548 ||| Stepping ~*~*~tactically~*~*~ (outnumbered).
 18551 | Abyss:2  | 18551 ||| Stepping ~*~*~tactically~*~*~ (outnumbered).
 18564 | Abyss:2  | Noticed a pearl dragon
 18565 | Abyss:2  | 18565 ||| Stepping ~*~*~tactically~*~*~ (retreating).
 18567 | Abyss:2  | 18567 ||| INVOKING Heroism.
 18568 | Abyss:2  | 18568 ||| Stepping ~*~*~tactically~*~*~ (retreating).
 18569 | Abyss:2  | 18569 ||| Stepping ~*~*~tactically~*~*~ (retreating).
 18571 | Abyss:2  | 18571 ||| Stepping ~*~*~tactically~*~*~ (retreating).
 18572 | Abyss:2  | 18572 ||| Stepping ~*~*~tactically~*~*~ (retreating).
 18573 | Abyss:2  | 18573 ||| Stepping ~*~*~tactically~*~*~ (retreating).
 18574 | Abyss:2  | 18574 ||| Stepping ~*~*~tactically~*~*~ (retreating).
 18575 | Abyss:2  | 18575 ||| Stepping ~*~*~tactically~*~*~ (retreating).
 18581 | Abyss:2  | 18581 ||| Stepping ~*~*~tactically~*~*~ (retreating).
 18594 | Abyss:2  | 18594 ||| Stepping ~*~*~tactically~*~*~ (retreating).
 18596 | Abyss:2  | 18596 ||| Stepping ~*~*~tactically~*~*~ (retreating).
 18597 | Abyss:2  | 18597 ||| Stepping ~*~*~tactically~*~*~ (retreating).
 18601 | Abyss:2  | HP: 23/106 [thrashing horror (5)]
 18602 | Abyss:2  | 18602 ||| READING 6 scrolls of teleportation.
 18603 | Abyss:2  | 18603 ||| DRINKING 5 potions of heal wounds.
 18606 | Abyss:2  | 18606 ||| Stepping ~*~*~tactically~*~*~ (retreating).
 18607 | Abyss:2  | 18607 ||| Stepping ~*~*~tactically~*~*~ (retreating).
 18607 | Abyss:2  | HP: 23/106 [starcursed mass/accursed screaming (6)]
 18608 | Abyss:2  | 18608 ||| DRINKING 4 potions of heal wounds.
 18609 | Abyss:2  | 18609 ||| Stepping ~*~*~tactically~*~*~ (retreating).
 18610 | Abyss:2  | 18610 ||| Stepping ~*~*~tactically~*~*~ (retreating).
 18611 | Abyss:2  | 18611 ||| Stepping ~*~*~tactically~*~*~ (retreating).
 18611 | Abyss:2  | Paralysed by accursed screaming for 1 turns
 18612 | Abyss:2  | 18612 ||| Stepping ~*~*~tactically~*~*~ (retreating).
 18615 | Abyss:2  | 18615 ||| Stepping ~*~*~tactically~*~*~ (outnumbered).
 18617 | Abyss:2  | 18617 ||| Stepping ~*~*~tactically~*~*~ (outnumbered).
 18618 | Abyss:2  | 18618 ||| INVOKING Heroism.
 18703 | Abyss:2  | Noticed a bone dragon
 18703 | Abyss:2  | 18703 ||| INVOKING Heroism.
 18715 | Abyss:2  | HP: 25/106 [bone dragon (3)]
 18716 | Abyss:2  | 18716 ||| READING 5 scrolls of teleportation.
 18716 | Abyss:2  | HP: 10/106 [bone dragon (15)]
 18717 | Abyss:2  | 18717 ||| DRINKING 3 potions of heal wounds.
 18721 | Abyss:2  | HP: 24/106 [bone dragon (5)]
 18722 | Abyss:2  | 18722 ||| DRINKING 2 potions of heal wounds.
 18727 | Abyss:2  | Found a corrupted altar of Lugonu.
 18741 | Abyss:2  | Noticed a bone dragon
 18746 | Abyss:2  | 18746 ||| RETREATING.
 18750 | Abyss:2  | 18750 ||| Stepping ~*~*~tactically~*~*~ (retreating).
 18751 | Abyss:2  | 18751 ||| INVOKING Heroism.
 18755 | Abyss:2  | 18755 ||| Stepping ~*~*~tactically~*~*~ (retreating).
 18765 | Abyss:2  | 18765 ||| Stepping ~*~*~tactically~*~*~ (retreating).
 18765 | Abyss:2  | HP: 21/106 [starcursed mass/accursed screaming (6)]
 18766 | Abyss:2  | 18766 ||| READING 4 scrolls of teleportation.
 18766 | Abyss:2  | HP: 5/106 [bone dragon (17)]
 18767 | Abyss:2  | 18767 ||| DRINKING potion of heal wounds.
 18768 | Abyss:2  | HP: 1/106 [bone dragon (2)]
 18770 | Abyss:2  | Mangled by a bone dragon

Levels and vault maps discovered:
D:1:      grunt_arrival_lava_bath, layout_loops_cross, nicolae_eternal_life
D:2:      layout_loops_ring, minmay_misc_feat_tower, st_stairs_2,
          kennysheep_generic_room_8, uniq_sigmund
D:3:      layout_loops_ring, hellmonk_ecumenical_altar_watching_god,
          gammafunk_ghost_smash, serial_bayou_lake_a, uniq_terence, uniq_robin
D:4:      layout_basic
D:5:      layout_loops_ring, nemelex_spade_bored_becter,
          minmay_temple_entry_stoned_glass, uniq_pikel, uniq_edmund, uniq_ijyb
D:6:      layout_rooms, serial_aquarium, aquarium_bridge_straight
          [aquarium_subvault_bridge, aquarium_subvault_balcony,
          aquarium_subvault_bridge, aquarium_subvault_wall],
          aquarium_bridge_square [aquarium_subvault_wall,
          aquarium_subvault_wall, aquarium_subvault_bridge,
          aquarium_subvault_bridge], aquarium_window_3, aquarium_window_fake,
          aquarium_view_2c, aquarium_pool_four
D:7:      layout_layer_cave, minivault_22
D:8:      layout_basic, enter_bailey_2, serial_glass, glass_columns_c,
          glass_columns_b, uniq_maurice
D:9:      layout_cave_pools, david_orc_1_choice
D:10:     layout_stronghold, mainiacjoe_overflow_small_starburst,
          dpeg_oklobed_lair
D:11:     minmay_the_grid_octo_triangle [minmay_the_grid_octo_shrine,
          minmay_the_grid_octo_prize_big_c, minmay_the_grid_octo_thin_diamonds],
          layout_cave_pools, gammafunk_ghost_hydra_chop, hangedman_minor_magic,
          uniq_josephine
D:12:     layout_cave_pools, serial_bayou, serial_bayou_crossing,
          serial_bayou_pond_b, serial_bayou_pond_a, serial_bayou_pond_c,
          serial_bayou_pond_b
D:13:     layout_grid_maze, minmay_starry_boxes
D:14:     nzn_winding_woodlands_stair_cross [nzn_winding_woodlands_5x15_garden,
          nzn_winding_woodlands_center_lodge,
          nzn_winding_woodlands_5x15_split_checker,
          nzn_winding_woodlands_5x5_checkerboard,
          nzn_winding_woodlands_5x5_open_star,
          nzn_winding_woodlands_5x15_jagged,
          nzn_winding_woodlands_center_triple_pond,
          nzn_winding_woodlands_5x15_pockets], layout_irregular_city,
          ximxim_vaults_locker_room, minmay_misc_feat_rugged
D:15:     hellmonk_depths_entry_around_the_bend, layout_basic, bloody_makhleb,
          uniq_rupert, uniq_louise
Temple:   mainiacjoe_temple_big_plus
Lair:1:   layout_cave_pods
Lair:2:   dreamdust_isle_of_ice, layout_hall_layers,
          hellmonk_spider_entry_not_the_bees
Lair:3:   layout_cave_pods, elwin_shoals_entry_rooms, uniq_sonja, uniq_urug
Lair:4:   layout_gridlike, minmay_slime_entry_oklob_open
Lair:5:   hellmonk_lair_end_abyssal_woods, layout_regular_city
Abyss:2:  base:
Lair:4

Skill      XL: |  1  2  3  4  5  6  7  8  9 10 11 12 13 14 15 |
---------------+----------------------------------------------+-----
Ranged Weapons | 5 6 7 8 10 11 12 14 15 17 18 20 | 20.0
Fighting       | 3 4 5 6 7 8 10 11 12 14 | 14.0
Dodging        | 2 3 4 5 6 7 8 9 |  9.6
Armour         | 1 3 5 6 7 8 |  8.0
Invocations    | 4 9 10 | 10.0
Stealth        | |  1.1

Action                     |  1- 3 |  4- 6 |  7- 9 | 10-12 | 13-15 | 16-18 || total
---------------------------+-------+-------+-------+-------+-------+-------++-------
   Fire: Shortbow          |    88 |       |       |       |       |       ||    88
         Longbow           |       |   128 |   190 |   443 |  1002 |    87 ||  1850
 Invoke: Heroism           |       |       |     5 |    25 |    23 |     4 ||    57
         Finesse           |       |       |       |     2 |     5 |       ||     7
    Use: Scroll            |     2 |     9 |     3 |    14 |     1 |     3 ||    32
         Potion            |       |       |     5 |     3 |       |     5 ||    13
 Armour: Leather armour    |    33 |     8 |       |       |       |       ||    41
         Robe              |       |    36 |    26 |       |       |       ||    62
         Ring mail         |       |       |    13 |   119 |   259 |    78 ||   469
  Dodge: Dodged            |    31 |    37 |    31 |   189 |   232 |   106 ||   626
  Block: Other             |       |     1 |    12 |    58 |    12 |       ||    83

Table legend:
 A = Non-vault XP
 B = Vault XP
 C = Vault XP percentage of total XP
 D = Non-vault monster count
 E = Vault monster count
 F = Vault count percentage of total count
                 A         B        C        D         E       F
            +---------+---------+-------+---------+---------+-------
      Total |   78516 |   55695 |  41.5 |     393 |     181 |  31.5
            +---------+---------+-------+---------+---------+-------
        D:1 |      39 |       0 |   0.0 |      16 |       0 |   0.0
        D:2 |      89 |     279 |  75.8 |      24 |      14 |  36.8
        D:3 |     148 |      38 |  20.4 |      28 |       2 |   6.7
        D:4 |     632 |       0 |   0.0 |      31 |       0 |   0.0
        D:5 |     787 |     901 |  53.4 |      12 |       3 |  20.0
        D:6 |     786 |       0 |   0.0 |      12 |       0 |   0.0
        D:7 |    1136 |       0 |   0.0 |      16 |       0 |   0.0
        D:8 |    1058 |     433 |  29.0 |       7 |       1 |  12.5
        D:9 |     841 |     750 |  47.1 |      13 |       9 |  40.9
       D:10 |    2235 |       0 |   0.0 |      20 |       0 |   0.0
       D:11 |    2559 |   11049 |  81.2 |       4 |      36 |  90.0
       D:12 |    5973 |    2227 |  27.2 |      30 |       5 |  14.3
       D:13 |    7283 |    4104 |  36.0 |      13 |       8 |  38.1
       D:14 |   10275 |   14906 |  59.2 |      26 |      32 |  55.2
       D:15 |    6143 |    1185 |  16.2 |      20 |       1 |   4.8
     Lair:1 |    4663 |       0 |   0.0 |      20 |       0 |   0.0
     Lair:2 |    5560 |    4177 |  42.9 |      19 |      20 |  51.3
     Lair:3 |    5241 |    2935 |  35.9 |      16 |       6 |  27.3
     Lair:4 |    4670 |    1137 |  19.6 |      15 |       2 |  11.8
     Lair:5 |    7534 |   11574 |  60.6 |      27 |      42 |  60.9
    Abyss:2 |   10864 |       0 |   0.0 |      24 |       0 |   0.0
            +---------+---------+-------+---------+---------+-------
